 Dungeon Crawl Stone Soup version 0.22-a0-149-g870e420 (webtiles) character file.

138063 KristoblXynda the Nimble (level 16, -8/140 HPs)
             Began as a Red Draconian Gladiator on Feb 7, 2018.
             Was an Initiate of Gozag.
             Killed from afar by a shock serpent (25 damage)
             ... with a bolt of electricity
             ... on level 1 of the Snake Pit.
             The game lasted 01:08:50 (28794 turns).

KristoblXynda the Nimble (Red Draconian Gladiator) Turns: 28794, Time: 01:08:52

Health: -8/140     AC: 21    Str: 27    XL:     16   Next: 70%
Magic:  24/26      EV: 27    Int: 22    God:    Gozag
Gold:   4346       SH: 20    Dex: 26    Spells: 21/29 levels left

rFire    + . .     SeeInvis +   E - +8 scimitar (flame)
rCold    . . .     Gourm    .   b - +2 shield
rNeg     + + +     Faith    .   (armour unavailable)
rPois    +         Spirit   .   A - +1 hat "Rirghieno" {MR- Int+9}
rElec    .         Reflect  +   O - +1 cloak {MR+}
rCorr    .         Harm     .   H - +2 pair of gloves {Dex+3}
MR       +....     Clarity  +   y - +5 pair of boots of the Tick {Dex+5}
Stlth    +++++.....             V - amulet "Kitrery" {Reflect rPois rN+++ Dex+3 Slay+2 SH+3}
HPRegen  0.33/turn              I - ring of see invisible
MPRegen  0.20/turn              a - +6 ring of strength

@: very slightly contaminated, slowed, very slow
A: breathe fire, unfitting armour, horns 1, clarity, fire resistance 1, strong
2, cold-blooded, AC +9
a: Breathe Fire, Potion Petition, Call Merchant, Bribe Branch, Renounce Religion


You were on level 1 of the Snake Pit.
You worshipped Gozag.
Gozag was most pleased with you.
You were not hungry.

You visited 5 branches of the dungeon, and saw 25 of its levels.
You also visited: Ice Cave and Volcano.

You collected 9893 gold pieces.
You spent 2698 gold pieces at shops.
You paid 2849 gold pieces to Gozag.

Inventory:

Hand Weapons
 E - a +8 scimitar of flaming (weapon)
 Q - a +4 scimitar of flaming
Missiles
 c - 8 throwing nets (quivered)
Armour
 b - a +2 shield (worn)
 y - the +5 pair of boots of the Tick (worn) {Dex+5}
   (You bought it in a shop on level 6 of the Dungeon)

   It affects your dexterity (+5).
 A - the +1 hat "Rirghieno" (worn) {MR- Int+9}
   (You bought it in a shop on level 15 of the Dungeon)

   It affects your intelligence (+9).
   It affects your resistance to hostile enchantments.
 H - a +2 pair of gloves of dexterity (worn)
 O - a +1 cloak of magic resistance (worn)
Jewellery
 a - a +6 ring of strength (right hand)
 I - a ring of see invisible (left hand)
 V - the amulet "Kitrery" (around neck) {Reflect rPois rN+++ Dex+3 Slay+2 SH+3}
   (You found it on level 6 of the Lair of Beasts)

   [amulet of reflection]

   It shields you and reflects attacks.
   It affects your dexterity (+3).
   It affects your accuracy and damage with ranged weapons and melee attacks
   (+2).
   It protects you from poison.
   It renders you almost immune to negative energy.
   It affects your SH (+3).
Wands
 v - a wand of paralysis (23)
 x - a wand of scattershot (2)
 F - a wand of iceblast (7)
 J - a wand of digging (28)
 K - a wand of acid (25)
 L - a wand of disintegration (27)
 N - a wand of clouds (2)
Scrolls
 f - 15 scrolls of remove curse
 h - 2 scrolls of identify
 k - 3 scrolls of amnesia
 l - 3 scrolls of fog
 m - 8 scrolls of teleportation
 q - a scroll of immolation
 w - 2 scrolls of blinking
 D - a scroll of magic mapping
 M - 2 scrolls of fear
Potions
 g - 7 potions of might
 i - 15 potions of curing
 j - 3 potions of ambrosia
 n - 5 potions of flight
 o - 4 potions of haste
 p - 4 potions of resistance
 r - 2 potions of berserk rage
 s - 2 potions of invisibility
 z - 4 potions of brilliance
 C - 5 potions of lignification
 G - a potion of mutation
 R - a potion of agility
 W - a potion of heal wounds
Miscellaneous
 e - 2 sacks of spiders
 T - a phantom mirror
 U - a lamp of fire
 X - a fan of gales
Comestibles
 d - 25 rations


   Skills:
 - Level 12.3 Fighting
 - Level 14.0 Long Blades
 - Level 2.0 Throwing
 - Level 14.1 Dodging
 + Level 8.7 Stealth
 + Level 12.4 Shields
 + Level 7.0 Spellcasting
 + Level 4.6 Fire Magic
 - Level 10.1 Evocations


You had 21 spell levels left.
You knew the following spells:

 Your Spells              Type           Power        Failure   Level  Hunger
a - Fireball              Conj/Fire      ###.......   75%         5    #####..
b - Regeneration          Chrm/Necr      #.........   32%         3    None


Dungeon Overview and Level Annotations

Branches:
Dungeon (15/15)            Temple (1/1) D:7            Lair (6/6) D:9
 Shoals (0/4) Lair:3        Snake (1/4) Lair:3        Slime (0/5) Lair:6
    Orc (2/2) D:10            Elf (0/3) Orc:2        Vaults (0/5) D:14
 Depths (0/5) D:15

Altars:
Ashenzari
Cheibriados
Dithmenos
Elyvilon
Fedhas
Gozag
Hepliaklqana
Kikubaaqudgha
Makhleb
Nemelex Xobeh
Okawaru
Qazlal
Ru
Sif Muna
Trog
Uskayaw
Vehumet
Wu Jian
Xom
Yredelemnul
Zin
The Shining One
Beogh
Jiyva

Shops:
D:6 [(}[   D:14 %   D:15 [([   Orc:2 %(([


Innate Abilities, Weirdness & Mutations

You can breathe blasts of fire.
Your fiery red scales are hard. (AC +9)
You cannot fit into any form of body armour.
Your flesh is heat resistant. (rF+)
You are cold-blooded and may be slowed by cold attacks.
You have a pair of small horns on your head.
You possess an exceptional clarity of mind.
Your muscles are very strong. (Str +4)


Message History

Found a potion of haste.
Blink to where?
Press: ? - help, Dir - move target cursor
As you read the scroll of blinking, it crumbles to dust.
The naga warrior spits poison at you. The splash of poison hits you!
You resist.
* * * LOW HITPOINT WARNING * * *
The sentinel's mark upon you fades away.
A shock serpent comes into view.
The shock serpent shoots out a bolt of lightning at you!
The bolt of electricity misses you. x2
You hit the shock serpent. You burn the shock serpent.
Your headbutt misses the shock serpent. You tail-slap the shock serpent.
The shock serpent is moderately wounded.
The shock serpent's electric aura discharges, shocking you!
* * * LOW HITPOINT WARNING * * *
The shock serpent shoots out a bolt of lightning at you!
The bolt of electricity misses you. The bolt of electricity hits you!
You die...
Your body crumbles into a pile of gold.

# #### ###.........# ###..##
####...........
.##...#######.........!.....
........#..........#........
.SS.........##..............
............###...N.........
.............#####.....#####
.......)<)....####.....###
.#.....)...))S.S@#...)...#
###....))....).S.......###
##................####
##...##.....###..#
#..###..#.## #.## ####
#.#### ### ###


You could see an anaconda, a shock serpent and a black mamba.

Vanquished Creatures
  Agnes (D:14)
  A nagaraja (Snake:1)
  A frost giant (IceCv)
  An orc warlord (Orc:2)
  A war gargoyle (D:14)
  3 stone giants
  A very ugly thing (D:13)
  Nessos (Lair:5)
  The ghost of PeterLawrence the Basher, a journeyman MiFi of Okawaru (Lair:2)
  A great orb of eyes (D:12)
  The ghost of Xenophilius the Markscentaur, a journeyman CeHu of Okawaru (Lair:2)
  A yaktaur captain (D:14)
  Josephine (D:11)
  10 hydras
  5 centaur warriors
  2 ogre magi
  11 two-headed ogres
  Erica (D:8)
  A death knight (D:15)
  The ghost of kal9871 the Carver, a journeyman SpSk of Gozag (Lair:3)
  6 death yaks
  2 tengu warriors
  2 shock serpents (Snake:1)
  3 orc high priests (Orc:2)
  Nergalle (Orc:1)
  A naga sharpshooter (Snake:1)
  A hell knight (Volcano)
  A deep elf knight (D:14)
  A fire crab (D:13)
  2 skeletal warriors
  3 unseen horrors
  A wizard (D:15)
  Pikel (D:4)
  10 ugly things
  8 orc knights
  2 phantasmal warriors
  A mana viper (Snake:1)
  4 deep elf magi
  A salamander (Snake:1)
  3 cyclopes
  5 orc sorcerers
  3 manticores
  9 elephants
  A salamander (shapeshifter) (D:13)
  10 centaur zombies
  An ice statue (IceCv)
  8 black mambas
  3 naga magi
  A torpor snail (Lair:4)
  Maurice (D:8)
  3 gargoyles
  6 rime drakes
  20 spiny frogs
  2 efreet (D:15)
  6 yaktaurs (D:14)
  3 kobold demonologists
  3 freezing wraiths
  8 komodo dragons
  A tengu conjurer (D:15)
  6 trolls
  A merfolk (shapeshifter) (D:15)
  15 polar bears
  3 tyrant leeches (Lair:6)
  22 blink frogs
  12 hippogriffs
  11 slime creatures (D:12)
  A vampire (D:15)
  6 wraiths
  A shadow (D:13)
  2 centaur simulacra
  A spriggan (Lair:2)
  4 water elementals (D:15)
  2 wyverns
  A human (D:11)
  41 yaks
  2 basilisks
  A steam dragon (D:11)
  Menkaure (D:4)
  Edmund (D:5)
  11 vampire mosquitoes
  2 soldier ants
  3 wargs (Orc:2)
  2 acid dragons
  6 nagas
  8 porcupines
  14 water moccasins
  31 orc warriors
  6 black bears
  7 sky beasts
  2 necrophages
  12 ice beasts
  17 ogres
  33 wolves
  A boggart (D:14)
  24 centaurs
  9 crocodiles
  6 big kobolds
  32 bullfrogs
  5 scorpions
  A wyvern skeleton (D:7)
  17 killer bees
  12 wights
  4 howler monkeys
  2 electric eels (Lair:6)
  4 crimson imps
  2 bullfrog zombies
  4 hounds
  2 jellies
  22 orc priests
  5 centaur skeletons
  4 bullfrog skeletons
  29 orc wizards
  4 iguanas
  Natasha (thrice) (D:2)
  16 worker ants
  2 hound zombies
  A hound skeleton (D:7)
  4 worker ant zombies
  4 gnolls (D:8)
  A howler monkey skeleton (D:10)
  A howler monkey zombie (D:11)
  10 adders
  3 shadow imps
  2 oozes
  2 adder skeletons
  7 worms
  6 dart slugs
  98 orcs
  2 ball pythons
  10 bats
  5 giant cockroaches
  8 hobgoblins
  6 jackals
  14 kobolds
  4 quokkas
  4 frilled lizards
  6 goblins
  A jackal skeleton (D:6)
  A jackal zombie (D:7)
  A quokka skeleton (D:5)
  4 rats
897 creatures vanquished.

Vanquished Creatures (collateral kills)
  4 death yaks (Lair:5)
4 creatures vanquished.

Vanquished Creatures (others)
  A cyclops (Orc:2)
  A polar bear (IceCv)
  4 wolves (IceCv)
  A jelly (D:13)
  A shadow imp (D:13)
  2 orcs
  A quokka (D:5)
  A frilled lizard (D:4)
  A bush (Lair:5)
  18 fungi
  43 plants
74 creatures vanquished.

Grand Total: 975 creatures vanquished

Notes
Turn   | Place    | Note
-------+----------+-------------------------------------------
     0 | D:1      | KristoblXynda the Draconian Gladiator began the quest for the Orb.
     0 | D:1      | Reached XP level 1. HP: 17/17 MP: 1/1
   240 | D:1      | Reached XP level 2. HP: 17/24 MP: 2/2
   693 | D:2      | Reached XP level 3. HP: 29/29 MP: 3/3
  1193 | D:2      | Reached XP level 4. HP: 21/36 MP: 4/4
  1327 | D:2      | Noticed Natasha
  1334 | D:2      | Killed Natasha
  1457 | D:2      | Noticed Natasha
  1468 | D:2      | Killed Natasha
  1468 | D:2      | Reached XP level 5. HP: 37/41 MP: 5/5
  1554 | D:2      | Noticed Natasha
  1560 | D:2      | Killed Natasha
  1560 | D:2      | Reached skill level 5 in Long Blades
  1583 | D:2      | Found a burning altar of Makhleb.
  1583 | D:2      | Found a deep blue altar of Sif Muna.
  1585 | D:2      | Found a radiant altar of Vehumet.
  1587 | D:2      | Found a shimmering altar of Xom.
  1588 | D:2      | Found a glowing silver altar of Zin.
  2607 | D:4      | Noticed Menkaure
  2719 | D:4      | Reached XP level 6. HP: 40/48 MP: 6/6
  2760 | D:4      | Noticed a slave
  2805 | D:4      | Killed Menkaure
  3491 | D:4      | Noticed Pikel
  3491 | D:4      | Noticed a slave
  3491 | D:4      | Noticed a slave
  3503 | D:4      | Noticed a slave
  3517 | D:4      | Killed Pikel
  3517 | D:4      | Reached skill level 5 in Dodging
  3517 | D:4      | Your scales start taking on a fiery red colour.
  3517 | D:4      | Reached XP level 7. HP: 12/55 MP: 7/7
  3517 | D:4      | Gained mutation: Your flesh is heat resistant. (rF+) [Red Draconian growth]
  4138 | D:5      | Entered Level 5 of the Dungeon
  4138 | D:5      | Noticed Edmund
  4145 | D:5      | Killed Edmund
  4145 | D:5      | Reached XP level 8. HP: 60/61 MP: 8/8
  4536 | D:5      | Found a white marble altar of Elyvilon.
  4992 | D:6      | Found Pipoin's Weapon Emporium.
  5482 | D:6      | Found Jemp's Gadget Shoppe.
  5582 | D:6      | Found Taymich's Antique Armour Boutique.
  5597 | D:6      | Bought a pair of encrusted boots for 256 gold pieces
  5608 | D:6      | Identified the +5 pair of boots of the Tick {Dex+5} (You bought it in a shop on level 6 of the Dungeon)
  5625 | D:6      | Found an ancient bone altar of Kikubaaqudgha.
  5625 | D:6      | Found an opulent altar of Gozag.
  5890 | D:6      | Reached skill level 10 in Long Blades
  5903 | D:6      | Found Kigetek's Antique Armour Shop.
  6091 | D:7      | Reached XP level 9. HP: 67/67 MP: 9/9
  7037 | D:7      | Found a staircase to the Ecumenical Temple.
  7343 | D:6      | Became a worshipper of Gozag Ym Sagoz the Greedy
  7568 | D:8      | Noticed Erica
  7622 | Temple   | Entered the Ecumenical Temple
  7723 | D:8      | Killed Erica
  7723 | D:8      | Reached XP level 10. HP: 51/77 MP: 10/10
  7900 | D:8      | Noticed Maurice
  7929 | D:8      | Killed Maurice
  8252 | D:8      | Noticed a two-headed ogre
  8259 | D:8      | Killed a two-headed ogre
  9102 | D:9      | Found a staircase to the Lair.
  9197 | D:9      | Found a shadowy altar of Dithmenos.
  9256 | D:9      | Found an opulent altar of Gozag.
  9268 | D:9      | Reached skill level 5 in Fighting
  9627 | D:9      | Found a hide-covered altar of Uskayaw.
  9630 | D:9      | Noticed a seven-headed hydra
  9646 | D:9      | Killed a four-headed hydra
  9950 | D:10     | Entered Level 10 of the Dungeon
  9965 | D:10     | Found a staircase to the Orcish Mines.
 10558 | D:10     | Reached XP level 11. HP: 89/89 MP: 11/11
 10734 | D:10     | Gained mutation: Your muscles are strong. (Str +2) [potion of mutation]
 10734 | D:10     | Gained mutation: You have a pair of small horns on your head. [potion of mutation]
 10734 | D:10     | Gained mutation: You possess an exceptional clarity of mind. [potion of mutation]
 10734 | D:10     | Gained mutation: Your muscles are very strong. (Str +4) [potion of mutation]
 10773 | D:11     | Noticed a two-headed ogre
 10778 | D:11     | Killed a two-headed ogre
 10787 | D:11     | Noticed Josephine
 10792 | D:11     | Noticed a two-headed ogre
 10810 | D:11     | Killed a two-headed ogre
 10814 | D:11     | Killed Josephine
 11086 | D:11     | Noticed a cyan ugly thing
 11094 | D:11     | Killed a cyan ugly thing
 11333 | D:11     | Reached skill level 1 in Shields
 11333 | D:11     | Reached skill level 1 in Evocations
 11422 | D:11     | Noticed a green ugly thing
 11434 | D:11     | Killed a green ugly thing
 11841 | D:11     | Reached skill level 10 in Dodging
 11973 | D:12     | Reached XP level 12. HP: 74/102 MP: 14/14
 12223 | D:12     | Noticed a stone giant
 12245 | D:12     | Killed a stone giant
 13194 | D:6      | Bought a glowing shield for 202 gold pieces
 13290 | D:6      | Bought a pair of embroidered gloves for 135 gold pieces
 13290 | D:6      | Bought a pair of embroidered boots for 135 gold pieces
 13290 | D:6      | Bought an embroidered cloak for 135 gold pieces
 13290 | D:6      | Bought a shiny buckler for 135 gold pieces
 13513 | Lair:1   | Entered Level 1 of the Lair of Beasts
 13655 | Lair:1   | Noticed a seven-headed hydra
 13662 | Lair:1   | Killed a four-headed hydra
 14615 | Lair:2   | Noticed PeterLawrence's ghost (journeyman MiFi)
 14650 | Lair:2   | Killed PeterLawrence's ghost
 14650 | Lair:2   | Reached skill level 5 in Shields
 14650 | Lair:2   | Reached skill level 5 in Evocations
 14830 | Lair:2   | Noticed Xenophilius's ghost (journeyman CeHu)
 14851 | Lair:2   | Killed Xenophilius's ghost
 15066 | Lair:2   | Noticed a five-headed hydra
 15079 | Lair:2   | Killed a four-headed hydra
 15680 | Lair:3   | Noticed kal9871's ghost (journeyman SpSk)
 15698 | Lair:3   | Killed kal9871's ghost
 15698 | Lair:3   | Reached skill level 10 in Fighting
 15721 | Lair:3   | Found a staircase to the Snake Pit.
 15850 | Lair:3   | Reached XP level 13. HP: 113/113 MP: 17/17
 16249 | Lair:3   | Found a staircase to the Shoals.
 16495 | Lair:4   | Identified a scroll of acquirement
 16900 | Lair:4   | Found a labyrinth entrance.
 17858 | Lair:5   | Noticed Nessos
 17874 | Lair:5   | Killed Nessos
 18160 | Lair:5   | Reached XP level 14. HP: 47/124 MP: 20/20
 18945 | Lair:6   | Entered Level 6 of the Lair of Beasts
 18995 | Lair:6   | Found a frozen archway.
 19043 | IceCv    | Entered an ice cave
 19384 | IceCv    | Learned a level 5 spell: Fireball
 19887 | IceCv    | Noticed a frost giant
 19927 | IceCv    | Killed a frost giant
 20628 | Lair:6   | Reached skill level 1 in Stealth
 21325 | Lair:6   | Found a viscous altar of Jiyva.
 21326 | Lair:6   | Found a staircase to the Slime Pits.
 21547 | Lair:6   | Got a shimmering graven amulet
 21753 | Lair:6   | Reached skill level 10 in Evocations
 21958 | Lair:1   | Identified the amulet "Kitrery" {Reflect rPois rN+++ Dex+3 Slay+2 SH+3} (You found it on level 6 of the Lair of Beasts)
 21969 | Lair:1   | Learned a level 3 spell: Regeneration
 21993 | D:11     | Reached skill level 10 in Shields
 22201 | D:12     | Reached XP level 15. HP: 134/134 MP: 22/22
 22696 | D:13     | Reached skill level 1 in Spellcasting
 22787 | D:13     | Found an ancient bone altar of Kikubaaqudgha.
 22788 | D:13     | Found a stormy altar of Qazlal.
 22813 | D:13     | Found a sparkling altar of Nemelex Xobeh.
 22813 | D:13     | Found an opulent altar of Gozag.
 23380 | D:14     | Reached skill level 5 in Stealth
 23815 | D:14     | Found a gate to the Vaults.
 24088 | D:14     | Found Wufapiqu's Food Boutique.
 24092 | D:14     | Noticed Agnes
 24099 | D:14     | Killed Agnes
 24797 | D:15     | Entered Level 15 of the Dungeon
 25114 | D:15     | Reached skill level 5 in Spellcasting
 25150 | D:15     | Reached XP level 16. HP: 84/140 MP: 23/23
 25696 | D:15     | Found a shimmering altar of Xom.
 26035 | D:15     | Found a staircase to the Depths.
 26208 | D:15     | Bought the +1 hat "Rirghieno" {MR- Int+9} for 491 gold pieces
 26378 | Orc:1    | Entered Level 1 of the Orcish Mines
 26497 | Orc:1    | Noticed Nergalle
 26509 | Orc:1    | Killed Nergalle
 26689 | Orc:1    | Found a roughly hewn altar of Beogh.
 26914 | Orc:2    | Entered Level 2 of the Orcish Mines
 26923 | Orc:2    | Reached skill level 1 in Fire Magic
 26942 | Orc:2    | Found a dark tunnel.
 26949 | Volcano  | Entered a volcano
 27556 | Orc:2    | Found a staircase to the Elven Halls.
 28068 | Orc:2    | Found Ygump's Antique Armour Emporium.
 28068 | Orc:2    | Found Yleuline's Food Boutique.
 28074 | Orc:2    | Found Okkeu's Antique Weapon Emporium.
 28074 | Orc:2    | Found Vomil's Weapon Boutique.
 28088 | Orc:2    | Bought the +7 great sword of the Final Chapter {pain, +Blink +Fly rC++ MR-} for 1209 gold pieces
 28561 | Snake:1  | Entered Level 1 of the Snake Pit
 28794 | Snake:1  | Killed from afar by a shock serpent

Vault maps used:
D:1:      minmay_arrival_four_loops, minmay_misc_feat_square,
          minmay_stone_trees_small
D:2:      grunt_temple_overflow_open, uniq_natasha
D:3:      nrook_uturn
D:4:      first_ration, uniq_pikel, uniq_menkaure
D:5:      elyvilon_altar_4, uniq_edmund
D:6:      gammafunk_temple_overflow_wave, serial_shops, nicolae_shop_trees,
          shop, shop, shop
D:7:      minmay_temple_entry_hall
D:8:      uniq_maurice, uniq_erica
D:9:      eat_drink_and_be_merry_uskayaw, kennysheep_little_box,
          lair_entry_dummy, grunt_gozag_statues
D:10:     david_orc_3
D:11:     grunt_livestock, uniq_josephine
D:12:     minmay_textured_paths, minmay_item_behind_shaft,
          kennysheep_generic_room_5
D:13:     minmay_the_grid_octo_triangle, minmay_holes, serial_bayou_pond_d
D:14:     minmay_outward_triangles, hangedman_vaults_entry_quadrant_bands,
          serial_shops, kennysheep_mini, nrook_mini_backslash, minivault_28,
          uniq_agnes
D:15:     grunt_enter_depths_magical_seal, basic_altar,
          nicolae_underground_beach
Temple:   nicolae_temple_no_exploring_needed
Lair:1:   hangedman_lair_unloving_vines, serial_bayou_shore_b
Lair:2:   grunt_forest_stairs_clearing
Lair:3:   minmay_shoals_entry_beasts, guppyfry_snake_entry_garden,
          serial_forest, infiniplex_forest_lined_2,
          infiniplex_forest_clump_diagonal, infiniplex_forest_lined_4_way,
          infiniplex_forest_clump_double, infiniplex_forest_lined_2,
          infiniplex_forest_split, infiniplex_forest_straight_3,
          infiniplex_forest_fountain, hibernation_bobbens
Lair:4:   lab_entry_generic, serial_bayou_shore_a, grunt_megastairs_1
Lair:5:   st_stairs_3, uniq_nessos
Lair:6:   minmay_lair_end_frog_pond, slime_altar_1,
          portal_ice_cave_entry_ice_beasts, lemuel_fruit_tree
Snake:1:  nrook_guardian_serpent_ordinary
Orc:1:    basic_altar, uniq_nergalle
Orc:2:    grunt_orc_tribal_feast, enter_volcano_2
IceCv:    ice_cave_caverns_02
Volcano:  volcano_caves

Skill      XL: |  1  2  3  4  5  6  7  8  9 10 11 12 13 14 15 16 |
---------------+-------------------------------------------------+-----
Throwing       | 2 |  2.0
Dodging        | 3 4 5 6 8 9 10 11 12 13 14 | 14.1
Long Blades    | 4 5 7 8 10 11 13 14 | 14.0
Fighting       | 3 6 8 10 11 12 | 12.3
Shields        | 2 6 8 10 11 12 | 12.4
Evocations     | 3 6 8 10 | 10.1
Stealth        | 3 6 8 |  8.7
Spellcasting   | 5 7 |  7.0
Fire Magic     | 4 |  4.6

Action                   |  1- 3 |  4- 6 |  7- 9 | 10-12 | 13-15 | 16-18 || total
-------------------------+-------+-------+-------+-------+-------+-------++-------
Melee: Long sword        |    97 |   164 |   318 |     4 |       |       ||   583
       Tailslap          |     8 |    29 |    64 |   130 |   304 |    98 ||   633
       Scimitar          |       |       |       |   485 |  1115 |   379 ||  1979
       Unarmed           |       |       |       |    20 |       |       ||    20
       Headbutt          |       |       |       |   110 |   399 |   142 ||   651
Invok: Potion Petition   |       |       |       |       |     1 |       ||     1
       Call Merchant     |       |       |       |       |       |     3 ||     3
 Abil: Breathe Fire      |       |       |    13 |    13 |     5 |       ||    31
Evoke: Wand              |       |       |       |     1 |     9 |     6 ||    16
       Sack of spiders   |       |       |       |       |     2 |       ||     2
  Use: Scroll            |       |     5 |     8 |    17 |    15 |     6 ||    51
       Potion            |       |     2 |       |     1 |     4 |     1 ||     8
 Stab: Sleeping          |     1 |     4 |     1 |     3 |     7 |    13 ||    29
       Confused          |       |       |       |     2 |       |       ||     2
       Distracted        |       |       |       |     4 |    15 |    10 ||    29
       Paralysed         |       |       |       |       |     2 |       ||     2
  Eat: Ration            |     1 |     1 |     5 |     8 |    10 |     3 ||    28
       Chunk             |       |     2 |     1 |       |       |       ||     3
Armor: Skin              |    47 |    47 |   105 |   104 |   172 |    31 ||   506
Dodge: Dodged            |    93 |   114 |   271 |   315 |   721 |   172 ||  1686
Block: Buckler           |       |       |       |    55 |   475 |   195 ||   725
       Reflection        |       |       |       |     1 |    27 |    17 ||    45
       Shield            |       |       |       |       |       |    42 ||    42
       Rpst.: Long sword |    30 |    40 |    79 |     1 |       |       ||   150
       Scimitar          |       |       |       |    72 |   160 |    38 ||   270

Table legend:
 A = Spawn XP
 B = Non-spawn XP
 C = Spawn XP percentage of total XP
 D = Spawn monster count
 E = Non-spawn monster count
 F = Spawn count percentage of total count
 G = Total turns spent on level
                    A         B        C        D         E        F      G
               +---------+---------+-------+---------+---------+-------+---------
         Total |       0 |  197233 |   0.0 |       0 |     903 |   0.0 | 28794
               +---------+---------+-------+---------+---------+-------+---------
           D:1 |       0 |      34 |   0.0 |       0 |      20 |   0.0 |   677
           D:2 |       0 |     208 |   0.0 |       0 |      29 |   0.0 |  1119
           D:3 |       0 |      75 |   0.0 |       0 |      23 |   0.0 |   691
           D:4 |       0 |     953 |   0.0 |       0 |      12 |   0.0 |  1651
           D:5 |       0 |     675 |   0.0 |       0 |      17 |   0.0 |   765
           D:6 |       0 |     796 |   0.0 |       0 |      19 |   0.0 |  1949
           D:7 |       0 |    1747 |   0.0 |       0 |      49 |   0.0 |  1175
           D:8 |       0 |    3547 |   0.0 |       0 |      31 |   0.0 |  1426
           D:9 |       0 |    1828 |   0.0 |       0 |      13 |   0.0 |   973
          D:10 |       0 |    1391 |   0.0 |       0 |      35 |   0.0 |   878
          D:11 |       0 |    9604 |   0.0 |       0 |      43 |   0.0 |  1534
          D:12 |       0 |   11131 |   0.0 |       0 |      55 |   0.0 |  1466
          D:13 |       0 |   12273 |   0.0 |       0 |      40 |   0.0 |   727
          D:14 |       0 |   28833 |   0.0 |       0 |      66 |   0.0 |  1465
          D:15 |       0 |   20132 |   0.0 |       0 |      57 |   0.0 |  1473
        Lair:1 |       0 |    2743 |   0.0 |       0 |       7 |   0.0 |  1156
        Lair:2 |       0 |    7073 |   0.0 |       0 |      22 |   0.0 |  1196
        Lair:3 |       0 |    3982 |   0.0 |       0 |      15 |   0.0 |   844
        Lair:4 |       0 |    8979 |   0.0 |       0 |      33 |   0.0 |  1065
        Lair:5 |       0 |   16113 |   0.0 |       0 |      43 |   0.0 |  1412
        Lair:6 |       0 |   23358 |   0.0 |       0 |      89 |   0.0 |  1555
       Snake:1 |       0 |    8509 |   0.0 |       0 |      16 |   0.0 |   233
         Orc:1 |       0 |    5497 |   0.0 |       0 |      35 |   0.0 |   557
         Orc:2 |       0 |   15091 |   0.0 |       0 |      81 |   0.0 |  1334
         IceCv |       0 |   11283 |   0.0 |       0 |      47 |   0.0 |  1355
       Volcano |       0 |    1378 |   0.0 |       0 |       6 |   0.0 |   116
               +---------+---------+-------+---------+---------+-------+---------
